[ AOE2 MATCH · #504957720 ]
UnrankedGeorgians vs Romans
Player's team · LOSS
Rival team · WIN
[ REPLAY ANALYSIS · EXTRACTED FROM THE RECORDED GAME ]
Feudal
14:34
Castle
25:23
Imperial
45:15
| APM avg | 68.0 |
| APM peak | 112 |
| eAPM avg | 26.7 |
| Villagers / military | 214 / 198 |
Focus
⚔️ 42.1% · 🌾 57.9%
Skirmisher ×58 · Cavalry Archer ×53 · Archer ×44 · Militia ×16 · Monaspa ×12 · Mangonel ×6
Feudal
11:08
Castle
23:50
Imperial
40:39
| APM avg | 91.1 |
| APM peak | 150 |
| eAPM avg | 50.1 |
| Villagers / military | 180 / 155 |
Focus
⚔️ 45.4% · 🌾 54.6%
Archer ×46 · Scout Cavalry ×42 · Knight ×36 · Militia ×10 · Mangonel ×7 · Monk ×5
Match map
Initial resources + every placement click. Lines = walls · curves = elevation contours. ◆ gold · ⬟ stone · ● berries · ✦ relic · ◌ wall gap
Your base· Open — 4t gap
iamkaito's base· Open — 13t gap
Smoothed initial terrain · ◌ = detected wall gap · hover for details
Inputs per minute
— Zezlot - - iamkaito
Build order — Zezlot
First 150 of 515 actions detected
| 0:00 | Queue | Villager (Male) |
| 0:01 | Build | House |
| 0:02 | Build | House |
| 0:07 | Queue | Villager (Male) |
| 0:08 | Queue | Villager (Male) |
| 0:14 | Queue | Villager (Male) |
| 1:23 | Queue | Villager (Male) |
| 1:58 | Queue | Villager (Male) |
| 2:15 | Queue | Villager (Male) |
| 2:16 | Queue | Villager (Male) |
| 2:29 | Queue | Villager (Male) |
| 2:51 | Queue | Villager (Male) |
| 2:52 | Queue | Villager (Male) |
| 3:27 | Build | Mule Cart |
| 3:30 | Queue | Villager (Male) |
| 3:52 | Queue | Villager (Male) |
| 4:26 | Build | House |
| 4:37 | Queue | Villager (Male) |
| 4:38 | Queue | Villager (Male) |
| 4:41 | Research | Loom |
| 4:41 | Research | Loom |
| 4:42 | Queue | Villager (Male) |
| 4:53 | Queue | Villager (Male) |
| 4:54 | Queue | Villager (Male) |
| 5:08 | Build | Barracks |
| 5:14 | Queue | Villager (Male) |
| 5:21 | Queue | Villager (Male) |
| 5:24 | Queue | Villager (Male) |
| 5:41 | Queue | Villager (Male) |
| 5:41 | Queue | Villager (Male) |
| 5:44 | Build | House |
| 6:09 | Queue | Militia |
| 6:09 | Queue | Militia |
| 6:14 | Queue | Villager (Male) |
| 6:22 | Build | House |
| 6:23 | Queue | Villager (Male) |
| 6:49 | Queue | Villager (Male) |
| 6:49 | Queue | Villager (Male) |
| 6:56 | Queue | Villager (Male) |
| 7:02 | Queue | Villager (Male) |
| 7:16 | Queue | Militia |
| 7:19 | Build | Mill |
| 7:53 | Queue | Villager (Male) |
| 8:01 | Queue | Villager (Male) |
| 8:01 | Queue | Villager (Male) |
| 8:09 | Build | Farm |
| 8:16 | Queue | Villager (Male) |
| 8:19 | Queue | Militia |
| 8:45 | Queue | Villager (Male) |
| 8:46 | Queue | Villager (Male) |
| 8:48 | Build | Farm |
| 8:48 | Build | Farm |
| 9:00 | Queue | Villager (Male) |
| 9:01 | Queue | Militia |
| 9:01 | Queue | Militia |
| 9:02 | Queue | Villager (Male) |
| 9:11 | Queue | Villager (Male) |
| 9:13 | Build | Farm |
| 9:19 | Build | House |
| 9:29 | Queue | Militia |
| 9:35 | Queue | Villager (Male) |
| 9:36 | Build | House |
| 9:46 | Queue | Villager (Male) |
| 9:48 | Build | Farm |
| 9:53 | Queue | Villager (Male) |
| 10:08 | Queue | Militia |
| 10:13 | Queue | Villager (Male) |
| 10:15 | Queue | Villager (Male) |
| 10:16 | Queue | Villager (Male) |
| 10:18 | Build | Farm |
| 10:41 | Queue | Militia |
| 10:41 | Queue | Villager (Male) |
| 10:46 | Build | Farm |
| 10:47 | Build | Farm |
| 11:33 | Build | House |
| 11:59 | Queue | Villager (Male) |
| 12:01 | Queue | Villager (Male) |
| 12:01 | Queue | Villager (Male) |
| 12:03 | Queue | Villager (Male) |
| 12:08 | Build | Palisade Wall |
| 12:09 | Build | Palisade Wall |
| 12:11 | Build | Palisade Wall |
| 12:13 | Build | Palisade Wall |
| 12:14 | Queue | Villager (Male) |
| 12:18 | Research | Feudal Age |
| 12:18 | Research | Feudal Age |
| 12:23 | Queue | Villager (Male) |
| 12:26 | Build | Palisade Wall |
| 12:28 | Build | Palisade Wall |
| 12:31 | Build | Palisade Wall |
| 12:34 | Build | Palisade Wall |
| 12:36 | Build | Palisade Wall |
| 12:37 | Queue | Villager (Male) |
| 13:06 | Build | Palisade Wall |
| 13:07 | Queue | Villager (Male) |
| 13:11 | Queue | Militia |
| 13:11 | Queue | Militia |
| 13:25 | Build | Palisade Wall |
| 13:26 | Queue | Villager (Male) |
| 13:32 | Build | House |
| 13:34 | Build | House |
| 13:36 | Build | Farm |
| 13:38 | Build | Farm |
| 13:40 | Build | Farm |
| 13:40 | Queue | Villager (Male) |
| 13:48 | Queue | Militia |
| 13:48 | Queue | Militia |
| 13:49 | Queue | Militia |
| 13:53 | Queue | Villager (Male) |
| 13:59 | Build | Farm |
| 14:11 | Queue | Militia |
| 14:34 | Age | Feudal Age |
| 14:35 | Build | Archery Range |
| 14:36 | Build | Archery Range |
| 14:40 | Research | Man-at-Arms (upgrade) |
| 15:07 | Queue | Militia |
| 15:13 | Queue | Villager (Male) |
| 15:20 | Queue | Archer |
| 15:20 | Queue | Archer |
| 15:25 | Build | House |
| 15:35 | Build | House |
| 15:37 | Build | House |
| 15:44 | Queue | Archer |
| 15:52 | Build | Watch Tower |
| 16:03 | Queue | Villager (Male) |
| 16:18 | Queue | Villager (Male) |
| 16:20 | Queue | Villager (Male) |
| 16:22 | Queue | Villager (Male) |
| 16:29 | Queue | Villager (Male) |
| 16:40 | Queue | Archer |
| 16:41 | Queue | Villager (Male) |
| 16:43 | Queue | Villager (Male) |
| 16:46 | Build | Blacksmith |
| 16:50 | Queue | Villager (Male) |
| 17:04 | Queue | Villager (Male) |
| 17:22 | Queue | Villager (Male) |
| 17:24 | Build | Farm |
| 17:24 | Build | Farm |
| 17:24 | Build | Farm |
| 17:25 | Build | Farm |
| 17:25 | Build | Farm |
| 17:34 | Research | Double-Bit Axe |
| 17:34 | Research | Double-Bit Axe |
| 17:34 | Research | Double-Bit Axe |
| 17:36 | Queue | Villager (Male) |
| 17:37 | Queue | Villager (Male) |
| 17:45 | Queue | Archer |
| 17:52 | Queue | Villager (Male) |
| 18:32 | Research | Fletching |
| 18:32 | Research | Fletching |
Build order — iamkaito
First 150 of 541 actions detected
| 0:07 | Queue | Villager (Male) |
| 0:07 | Queue | Villager (Male) |
| 0:09 | Build | House |
| 0:10 | Build | House |
| 0:16 | Queue | Villager (Male) |
| 0:16 | Queue | Villager (Male) |
| 1:33 | Queue | Villager (Male) |
| 1:34 | Queue | Villager (Male) |
| 2:09 | Queue | Villager (Male) |
| 2:14 | Queue | Villager (Male) |
| 2:56 | Queue | Villager (Male) |
| 2:56 | Queue | Villager (Male) |
| 2:57 | Queue | Villager (Male) |
| 3:29 | Build | Lumber Camp |
| 3:46 | Queue | Villager (Male) |
| 4:06 | Queue | Villager (Male) |
| 4:16 | Build | House |
| 4:29 | Queue | Villager (Male) |
| 5:01 | Queue | Villager (Male) |
| 5:07 | Queue | Villager (Male) |
| 5:16 | Build | House |
| 5:38 | Build | Barracks |
| 5:42 | Build | Palisade Wall |
| 5:43 | Build | Palisade Wall |
| 5:52 | Queue | Villager (Male) |
| 6:21 | Queue | Villager (Male) |
| 6:24 | Build | Palisade Wall |
| 6:40 | Queue | Militia |
| 6:40 | Queue | Militia |
| 6:45 | Queue | Militia |
| 6:46 | Queue | Militia |
| 7:00 | Build | House |
| 7:07 | Queue | Villager (Male) |
| 7:16 | Queue | Villager (Male) |
| 7:30 | Build | Mill |
| 7:33 | Queue | Villager (Male) |
| 7:45 | Research | Loom |
| 7:46 | Queue | Villager (Male) |
| 8:16 | Build | Palisade Gate |
| 8:26 | Build | Mining Camp |
| 8:58 | Research | Feudal Age |
| 9:13 | Build | House |
| 9:24 | Queue | Militia |
| 9:24 | Queue | Militia |
| 9:45 | Build | Palisade Wall |
| 10:05 | Queue | Militia |
| 10:21 | Build | Palisade Wall |
| 10:31 | Build | Palisade Wall |
| 10:50 | Build | Mill |
| 10:58 | Build | Palisade Wall |
| 11:08 | Age | Feudal Age |
| 11:14 | Research | Man-at-Arms (upgrade) |
| 11:14 | Queue | Militia |
| 11:15 | Queue | Villager (Male) |
| 11:35 | Research | Double-Bit Axe |
| 11:35 | Research | Double-Bit Axe |
| 11:47 | Queue | Villager (Male) |
| 11:47 | Queue | Villager (Male) |
| 11:49 | Build | Archery Range |
| 11:50 | Queue | Villager (Male) |
| 12:20 | Build | Farm |
| 12:23 | Build | House |
| 12:26 | Queue | Archer |
| 12:26 | Queue | Archer |
| 12:32 | Build | House |
| 12:37 | Build | Palisade Gate |
| 12:38 | Build | Palisade Gate |
| 12:43 | Build | Palisade Wall |
| 12:47 | Build | Palisade Wall |
| 12:50 | Build | Palisade Wall |
| 12:52 | Build | House |
| 12:54 | Build | Palisade Wall |
| 13:03 | Build | Farm |
| 13:05 | Queue | Villager (Male) |
| 13:05 | Queue | Villager (Male) |
| 13:10 | Queue | Archer |
| 13:23 | Queue | Villager (Male) |
| 13:45 | Queue | Archer |
| 13:56 | Build | Palisade Wall |
| 13:59 | Queue | Villager (Male) |
| 14:03 | Build | Lumber Camp |
| 14:20 | Build | Palisade Wall |
| 14:21 | Build | Palisade Wall |
| 14:23 | Queue | Villager (Male) |
| 14:25 | Build | Farm |
| 14:34 | Queue | Archer |
| 14:34 | Queue | Archer |
| 14:53 | Queue | Villager (Male) |
| 14:53 | Queue | Villager (Male) |
| 14:53 | Queue | Villager (Male) |
| 14:56 | Build | Blacksmith |
| 15:05 | Queue | Villager (Male) |
| 15:05 | Queue | Villager (Male) |
| 15:16 | Build | Farm |
| 15:26 | Queue | Villager (Male) |
| 15:32 | Build | Farm |
| 15:33 | Build | Farm |
| 15:38 | Queue | Archer |
| 15:49 | Research | Fletching |
| 15:49 | Queue | Villager (Male) |
| 15:57 | Queue | Villager (Male) |
| 16:15 | Queue | Villager (Male) |
| 16:15 | Queue | Villager (Male) |
| 16:17 | Build | Palisade Wall |
| 16:19 | Queue | Archer |
| 16:25 | Queue | Villager (Male) |
| 16:25 | Queue | Villager (Male) |
| 16:26 | Build | Farm |
| 16:29 | Build | Farm |
| 16:44 | Queue | Villager (Male) |
| 16:49 | Build | Farm |
| 16:53 | Build | House |
| 17:01 | Queue | Villager (Male) |
| 17:03 | Build | House |
| 17:11 | Build | House |
| 17:12 | Queue | Villager (Male) |
| 17:23 | Research | Scale Mail Armor |
| 17:23 | Research | Scale Mail Armor |
| 17:25 | Queue | Archer |
| 17:25 | Queue | Archer |
| 17:32 | Build | House |
| 17:32 | Build | House |
| 17:36 | Build | House |
| 17:42 | Queue | Militia |
| 17:42 | Queue | Militia |
| 17:55 | Queue | Villager (Male) |
| 18:00 | Build | Farm |
| 18:34 | Queue | Archer |
| 18:41 | Build | Farm |
| 18:43 | Build | Farm |
| 18:44 | Build | Farm |
| 18:45 | Queue | Villager (Male) |
| 18:46 | Build | Farm |
| 18:49 | Build | Farm |
| 18:50 | Build | Farm |
| 18:57 | Queue | Archer |
| 19:05 | Build | Archery Range |
| 19:13 | Queue | Archer |
| 19:45 | Queue | Archer |
| 19:53 | Build | Farm |
| 20:06 | Queue | Skirmisher |
| 20:07 | Queue | Skirmisher |
| 20:14 | Build | House |
| 20:17 | Build | Lumber Camp |
| 20:20 | Queue | Villager (Male) |
| 20:33 | Queue | Archer |
| 20:35 | Build | House |
| 20:43 | Queue | Villager (Male) |
| 21:01 | Build | House |
| 21:01 | Research | Castle Age |
Match timeline
| 5:08 | Zezlot · first_building Barracks |
| 5:38 | iamkaito · first_building Barracks |
| 5:42 | iamkaito · wall_segment Palisade Wall x3 |
| 5:43 | iamkaito · wall_segment Palisade Wall x5 |
| 6:24 | iamkaito · wall_segment Palisade Wall x4 |
| 9:45 | iamkaito · wall_segment Palisade Wall x4 |
| 10:21 | iamkaito · wall_segment Palisade Wall x3 |
| 10:31 | iamkaito · wall_segment Palisade Wall x10 |
| 10:58 | iamkaito · wall_segment Palisade Wall x10 |
| 11:08 | iamkaito · age_up feudal |
| 11:49 | iamkaito · first_building Archery Range |
| 12:08 | Zezlot · wall_segment Palisade Wall x1 |
| 12:09 | Zezlot · wall_segment Palisade Wall x1 |
| 12:11 | Zezlot · wall_segment Palisade Wall x2 |
| 12:13 | Zezlot · wall_segment Palisade Wall x1 |
| 12:26 | Zezlot · wall_segment Palisade Wall x1 |
| 12:28 | Zezlot · wall_segment Palisade Wall x11 |
| 12:31 | Zezlot · wall_segment Palisade Wall x1 |
| 12:34 | Zezlot · wall_segment Palisade Wall x4 |
| 12:36 | Zezlot · wall_segment Palisade Wall x4 |
| 12:43 | iamkaito · wall_segment Palisade Wall x1 |
| 12:47 | iamkaito · wall_segment Palisade Wall x1 |
| 12:50 | iamkaito · wall_segment Palisade Wall x1 |
| 12:54 | iamkaito · wall_segment Palisade Wall x3 |
| 13:06 | Zezlot · wall_segment Palisade Wall x1 |
| 13:25 | Zezlot · wall_segment Palisade Wall x1 |
| 13:56 | iamkaito · wall_segment Palisade Wall x1 |
| 14:20 | iamkaito · wall_segment Palisade Wall x1 |
| 14:21 | iamkaito · wall_segment Palisade Wall x1 |
| 14:34 | Zezlot · age_up feudal |
| 14:35 | Zezlot · first_building Archery Range |
| 16:17 | iamkaito · wall_segment Palisade Wall x1 |
| 23:50 | iamkaito · age_up castle |
| 25:23 | Zezlot · age_up castle |
| 27:26 | Zezlot · first_market_buy 100 wood |
| 27:34 | iamkaito · first_building Siege Workshop |
| 30:21 | Zezlot · first_building Siege Workshop |
| 30:29 | iamkaito · first_building Monastery |
| 35:28 | Zezlot · first_building Castle |
| 36:31 | iamkaito · first_building Stable |
| 37:06 | Zezlot · first_market_sell 500 stone |
| 37:21 | Zezlot · first_building Stable |
| 39:16 | iamkaito · first_building Castle |
| 40:39 | iamkaito · age_up imperial |
| 41:24 | Zezlot · first_building Monastery |
| 43:02 | Zezlot · wall_segment Palisade Wall x1 |
| 45:15 | Zezlot · age_up imperial |
| 46:35 | Zezlot · wall_segment Palisade Wall x1 |
| 46:37 | Zezlot · wall_segment Palisade Wall x1 |
| 46:52 | Zezlot · resign |
[ AI ANALYSIS · 1 CREDIT ]
What really happened in this match?
Wolo.gg analyzes every decision: build order, eco, micro, common mistakes by bracket. Personalized analysis on WhatsApp or Discord in 30 seconds.
Civ guide
Georgians
Perfil
Jugador #14438285